 Dungeon Crawl Stone Soup version 0.27-a0-887-gcab673c142 (webtiles) character file.

Game seed: 18385272646867668650

44975 DarkShadow the Severer (level 13, -1/119 HPs)
             Began as a Minotaur Fighter on Apr 4, 2021.
             Was an Initiate of Gozag.
             Succumbed to a meliai's poison
             ... on level 15 of the Dungeon.
             The game lasted 01:01:41 (14627 turns).

DarkShadow the Severer (Minotaur Fighter)          Turns: 14627, Time: 01:01:42

Health: -1/119     AC: 23    Str: 28    XL:     13   Next: 99%
Magic:  12/12      EV: 13    Int:  5    God:    Gozag
Gold:   1613       SH: 17    Dex: 14    Spells: 12/12 levels left

rFire    + + +     SeeInvis .   C - +6 war axe (freeze)
rCold    . . .     Faith    .   c - +2 kite shield
rNeg     . . .     Spirit   .   M - +1 fire dragon scales
rPois    +         Reflect  .   (helmet restricted)
rElec    .         Harm     .   A - +2 cloak {Will+}
rCorr    .         Rampage  .   F - +0 pair of gloves of Fifikhlyv {rF+}
Will     ++...                  n - +2 pair of boots
Stlth    ..........             f - amulet of regeneration
HPRegen  1.29/turn              y - +6 ring of strength
MPRegen  0.13/turn              s - ring of Cutsyfubb {Fly rPois rC+ Will+}

@: lethally poisoned (-1 -> -11), about to teleport, flying, studying Long
Blades
A: horns 2, retaliatory headbutt, talons 1, iridescent scales 1, sense
surroundings 1, subdued magic 1
a: Renounce Religion, Potion Petition, Call Merchant, Bribe Branch


You were on level 15 of the Dungeon.
You worshipped Gozag.
Gozag was most pleased with you.
You visited 2 branches of the dungeon, and saw 16 of its levels.
You also visited: Bailey.

You collected 4043 gold pieces.
You spent 2345 gold pieces at shops.
You paid 85 gold pieces to Gozag.

Inventory:

Hand Weapons
 a - a +1 war axe of freezing
 C - a +6 war axe of freezing (weapon)
 L - a +0 broad axe of electrocution
Missiles
 B - 3 curare-tipped darts (quivered)
 V - a throwing net
Armour
 b - a +0 scale mail
 c - a +2 kite shield (worn)
 i - a +2 cloak
 n - a +2 pair of boots (worn)
 A - a +2 cloak of willpower (worn)
 F - the +0 pair of gloves of Fifikhlyv (worn) {rF+}
   (You found it on level 10 of the Dungeon)

   It protects you from fire.
 M - +1 fire dragon scales (worn)
 O - a +0 barding
Jewellery
 e - a ring of willpower
 f - an amulet of regeneration (around neck)
 l - a ring of flight
 m - an amulet of faith
 s - the ring of Cutsyfubb (right hand) {Fly rPois rC+ Will+}
   (You bought it in a shop on level 7 of the Dungeon)

   [ring of flight]

   It protects you from cold.
   It protects you from poison.
   It grants you flight.
   It increases your willpower.
 y - a +6 ring of strength (left hand)
 J - a ring of wizardry
 K - a ring of magical power
Wands
 j - a wand of mindburst (6)
 q - a wand of charming (13)
 t - a wand of random effects (55)
 u - a wand of digging (6)
 D - a wand of flame (9)
 G - a wand of paralysis (2)
 P - a wand of acid (14)
 W - a wand of polymorph (6)
Scrolls
 r - 2 scrolls of teleportation
 z - 2 scrolls of blinking
 E - a scroll of vulnerability
 N - 2 scrolls of amnesia
 Q - a scroll of fog
 T - a scroll of brand weapon
 U - a scroll of identify
Potions
 d - 2 potions of might
 g - 4 potions of invisibility
 h - a potion of flight
 k - 2 potions of attraction
 o - 3 potions of ambrosia
 p - 2 potions of curing
 v - 2 potions of resistance
 w - a potion of mutation
 x - a potion of berserk rage
 H - 3 potions of haste
 R - a potion of degeneration {unknown}
Miscellaneous
 S - a condenser vane


   Skills:
 + Level 12.5 Fighting
 + Level 16.4 Axes
 + Level 11.2 Armour
 + Level 7.4 Dodging
 + Level 2.5 Stealth
 + Level 14.8 Shields


You had 12 spell levels left.
You didn't know any spells.
Your spell library contained the following spells:

 Spells                   Type           Power      Damage    Failure   Level
 Animate Skeleton         Necr           0%         N/A       71%         1
 Apportation              Tloc           0%         N/A       71%         1
 Beastly Appendage        Tmut           0%         N/A       71%         1
 Corona                   Hex            0%         N/A       71%         1
 Foxfire                  Conj/Fire      0%         2x1d4     71%         1
 Pain                     Necr           0%         1d4       71%         1
 Summon Small Mammal      Summ           0%         N/A       71%         1
 Wereblood                Tmut           0%         N/A       83%         2
 Confusing Touch          Hex            0%         N/A       97%         3
 Conjure Flame            Conj/Fire      0%         6-21      97%         3
 Frozen Ramparts          Ice            0%         1d2       97%         3
 Gell's Gravitas          Tloc           0%         N/A       97%         3
 Inner Flame              Hex/Fire       0%         N/A       97%         3
 Spider Form              Tmut/Pois      0%         N/A       97%         3
 Vampiric Draining        Necr           0%         2d6       97%         3
 Animate Dead             Necr           0%         N/A       100%        4
 Ice Form                 Ice/Tmut       0%         N/A       100%        4
 Petrify                  Tmut/Erth      0%         N/A       100%        4
 Sticky Flame             Conj/Fire      0%         2d3       100%        4
 Agony                    Necr           0%         N/A       100%        5
 Fireball                 Conj/Fire      0%         3d3       100%        5
 Hydra Form               Tmut           0%         N/A       100%        5
 Irradiate                Conj/Tmut      0%         3d14      100%        5
 Metabolic Englaciation   Hex/Ice        0%         N/A       100%        5
 Yara's Violent Unravell  Hex/Tmut       0%         3d3       100%        5
 Ozocubu's Refrigeration  Ice            0%         4d5       100%        7


Dungeon Overview and Level Annotations

Branches:
Dungeon (15/15)            Temple (1/1) D:7            Lair (0/6) D:8
    Orc (0/2) D:12         Vaults (0/5) D:14         Bailey (visited)
 Depths: D:15

Altars:
Ashenzari
Cheibriados
Dithmenos
Elyvilon
Fedhas
Gozag
Hepliaklqana
Kikubaaqudgha
Makhleb
Nemelex Xobeh
Okawaru
Ru
Sif Muna
Trog
Uskayaw
Vehumet
Wu Jian
Xom
Yredelemnul
Zin
The Shining One
Beogh
Jiyva

Shops:
D:3 ?   D:7 [*=

Annotations:
D:15 2 transporters, Luopt's ghost, journeyman GnWn


Innate Abilities, Weirdness & Mutations

You have a pair of horns on your head.
You reflexively headbutt those who attack you in melee.
You have sharp toenails.
You are partially covered in iridescent scales. (AC +2)
You passively map a small area around you.
Your spells are a little easier to cast, but a little less powerful.


Message History

Something smites you!
* * * LOW HITPOINT WARNING * * *
The meliai invokes the aid of its god against you.
Something smites you!
* * * LOW HITPOINT WARNING * * *
The meliai calls down the wrath of its god upon you.
Something smites you!
* * * LOW HITPOINT WARNING * * *
You block the meliai's attack. x2; The meliai closely misses you.
You furiously retaliate!
You headbutt the meliai, but do no damage.
You block the meliai's attack.
You feel much better.
You feel sick.
The meliai mumbles some strange prayers to its god against you.
Something smites you!
* * * LOW HITPOINT WARNING * * *
You block the meliai's attack. The meliai stings you.
* * * LOW HITPOINT WARNING * * *
You are more poisoned.
The meliai poisons you! The meliai barely misses you. You furiously retaliate!
You headbutt the meliai! You block the meliai's attack. x2
The meliai stings you but does no damage.
The meliai completely misses you.
The meliai stings you but does no damage.
As you read the scroll of teleportation, it crumbles to dust.
You feel strangely unstable.
* * * LOW HITPOINT WARNING * * *
You feel very sick. You block the meliai's attack.
The meliai stings you but does no damage.
The meliai hits you but does no damage. You block the meliai's attack.
The meliai hits you but does no damage. You block the meliai's attack.
The meliai hits you with a +0 war axe!
* * * LOW HITPOINT WARNING * * *
The meliai stings you but does no damage.
You barely miss the meliai.
The meliai is almost dead.
You barely miss the meliai.
You die...
Your body crumbles into a pile of gold.

, * , * .#
######## .##
*#......###..# *
* ,+...........#
###y..........##
,#.@yy..........#
#.###.###....#.##
#.....# #....#
*#. $ ,#######
#....# #.. ,
[......y....# #..
#######.....#.#..
* , *....##.#..#.
* .......##.#. *
, , ...?...##.#.


You could see 3 meliai.

Vanquished Creatures
  Gastronok (D:11)
  A fire dragon (D:15)
  4 hydras
  6 boulder beetles
  A vault guard (D:14)
  4 two-headed ogres
  5 centaur warriors
  A tengu warrior (D:13)
  A deep elf pyromancer (D:14)
  A wizard (D:14)
  8 cyclopes
  12 ugly things
  A manticore (D:12)
  A gargoyle (D:11)
  A rime drake (shapeshifter) (D:12)
  2 kobold demonologists
  4 komodo dragons
  An efreet (D:13)
  A tengu conjurer (D:13)
  3 meliai (D:14)
  10 trolls
  7 slime creatures
  Grinder (D:4)
  4 wraiths
  8 yaks
  A tarantella (shapeshifter) (D:12)
  A shadow (D:12)
  A wyvern (D:8)
  A hog (shapeshifter) (D:11)
  5 basilisks
  Menkaure (D:6)
  4 vampire mosquitoes
  3 acid dragons
  5 water moccasins
  14 orc warriors
  An ice beast (D:7)
  3 black bears
  4 wolves (D:8)
  30 centaurs
  3 necrophages
  2 ogres
  A boggart (D:15)
  8 kobold brigands
  2 bullfrogs (D:8)
  Blork the orc (D:4)
  4 scorpions
  A water moccasin zombie (D:5)
  7 killer bees
  2 howler monkeys
  5 wights (D:9)
  2 electric eels
  6 centaur zombies
  A bullfrog zombie (D:6)
  5 jellies
  Crazy Yiuf (D:7)
  8 orc priests
  A centaur skeleton (D:7)
  2 bullfrog skeletons (D:6)
  Jessica (D:3)
  2 iguanas (D:5)
  8 orc wizards
  A killer bee zombie (D:9)
  8 adders
  A worm (D:2)
  2 dart slugs
  61 orcs
  2 ball pythons
  6 bats
  7 endoplasms
  3 giant cockroaches
  7 goblins
  9 hobgoblins
  22 kobolds
  3 quokkas
  3 rats
371 creatures vanquished.

Vanquished Creatures (others)
  4 fungi (D:8)
  13 plants
  A withered plant (D:9)
18 creatures vanquished.

Grand Total: 389 creatures vanquished

Notes
Turn   | Place    | Note
-------+----------+-------------------------------------------
     0 | D:1      | DarkShadow the Minotaur Fighter began the quest for the
                  | Orb.
     0 | D:1      | Reached XP level 1. HP: 19/19 MP: 0/0
    96 | D:1      | Reached XP level 2. HP: 27/27 MP: 1/1
   564 | D:1      | You fall into a shaft and drop 1 floor!
   574 | D:2      | Reached skill level 3 in Axes
   623 | D:2      | Reached XP level 3. HP: 31/33 MP: 2/2
  1305 | D:3      | Noticed Jessica
  1316 | D:3      | Killed Jessica
  1317 | D:3      | Reached skill level 4 in Axes
  1317 | D:3      | Reached XP level 4. HP: 39/40 MP: 3/3
  1468 | D:3      | Found a faded altar of an unknown god.
  1495 | D:3      | You are sucked into a shaft and drop 2 floors!
  1495 | D:5      | Entered Level 5 of the Dungeon
  1738 | D:4      | Reached XP level 5. HP: 47/47 MP: 4/4
  1787 | D:4      | Noticed Grinder
  1799 | D:4      | Paralysed by Grinder for 5 turns
  1806 | D:4      | Killed Grinder
  1807 | D:4      | Reached skill level 5 in Axes
  1807 | D:4      | Reached skill level 1 in Dodging
  1807 | D:4      | Reached XP level 6. HP: 53/53 MP: 5/5
  1912 | D:3      | Found Derghex's Magic Scroll Boutique.
  1951 | D:3      | Found a hide-covered altar of Uskayaw.
  1977 | D:3      | Reached skill level 6 in Axes
  2158 | D:3      | Found a burning altar of Makhleb.
  2223 | D:3      | Gained mutation: You occasionally shout uncontrollably at
                  | your foes. [potion of mutation]
  2223 | D:3      | Gained mutation: You are covered in fur. (AC +1) [potion of
                  | mutation]
  2409 | D:4      | Reached skill level 5 in Shields
  2492 | D:4      | Noticed Blork the orc
  2499 | D:4      | Killed Blork the orc
  2500 | D:4      | Reached skill level 5 in Fighting
  2500 | D:4      | Reached XP level 7. HP: 50/61 MP: 6/6
  2611 | D:4      | Reached skill level 5 in Armour
  2736 | D:5      | Found a sparkling altar of Nemelex Xobeh.
  2757 | D:5      | Reached skill level 7 in Axes
  2941 | D:5      | Reached XP level 8. HP: 69/69 MP: 7/7
  3238 | D:6      | Noticed a troll
  3250 | D:6      | Reached skill level 8 in Axes
  3256 | D:6      | Killed a troll
  3316 | D:6      | Reached skill level 9 in Axes
  3344 | D:6      | Found a blossoming altar of Fedhas.
  3388 | D:6      | Noticed Menkaure
  3399 | D:6      | Killed Menkaure
  3400 | D:6      | Reached XP level 9. HP: 30/78 MP: 8/8
  3565 | D:6      | Found an iron altar of Okawaru.
  3641 | D:6      | Found the +13 scythe of Curses {drain, Drain}
  3798 | D:7      | Identified a scroll of acquirement
  3798 | D:7      | Acquired 458 gold pieces
  3808 | D:7      | Found a staircase to the Ecumenical Temple.
  3819 | Temple   | Entered the Ecumenical Temple
  3891 | Temple   | Became a worshipper of Gozag Ym Sagoz the Greedy
  4022 | D:7      | Found Lepsul's Antique Armour Emporium.
  4149 | D:7      | Found a flagged portal.
  4162 | Bailey   | Entered a bailey
  4323 | Bailey   | Reached skill level 10 in Axes
  5153 | Bailey   | Reached XP level 10. HP: 83/88 MP: 9/9
  5534 | D:7      | Found a glowing golden altar of the Shining One.
  5638 | D:7      | Found a sacrificial altar of Ru.
  5708 | D:7      | Found Qiriucs's Jewellery Emporium.
  5718 | D:7      | Found Poolas's Assorted Antiques.
  5983 | D:7      | Bought the ring of Cutsyfubb {Fly rPois rC+ Will+} for 454
                  | gold pieces
  5983 | D:7      | Bought a +6 ring of strength for 643 gold pieces
  6096 | D:7      | Found a runed translucent door.
  6097 | D:7      | Noticed Crazy Yiuf
  6463 | D:7      | Killed Crazy Yiuf
  6464 | D:7      | Reached skill level 11 in Axes
  6575 | D:8      | Reached skill level 1 in Stealth
  6666 | D:8      | Found an ornate altar of the Wu Jian Council.
  7147 | D:8      | Found a staircase to the Lair.
  7552 | D:9      | Reached skill level 10 in Shields
  7958 | D:9      | Found an ancient bone altar of Kikubaaqudgha.
  8082 | D:9      | Reached skill level 12 in Axes
  8169 | D:10     | Entered Level 10 of the Dungeon
  8293 | D:10     | Reached XP level 11. HP: 97/97 MP: 10/10
  8427 | D:10     | Noticed a soul eater
  8429 | D:10     | Reached skill level 5 in Dodging
  8429 | D:10     | Noticed a green ugly thing
  8438 | D:10     | Killed a green ugly thing
  8555 | D:10     | Noticed a two-headed ogre
  8565 | D:10     | Killed a two-headed ogre
  8717 | D:10     | Found a viscous altar of Jiyva.
  8727 | D:10     | Reached skill level 13 in Axes
  8754 | D:10     | Identified the +0 pair of gloves of Fifikhlyv {rF+}
  8871 | D:10     | Found a white marble altar of Elyvilon.
  8930 | D:10     | Found a basalt altar of Yredelemnul.
  9197 | D:11     | Noticed Gastronok
  9215 | D:11     | Killed Gastronok
  9481 | D:11     | Noticed a boulder beetle
  9528 | D:11     | Killed a boulder beetle
  9529 | D:11     | Reached skill level 10 in Fighting
  9870 | D:11     | Reached skill level 14 in Axes
  9874 | D:11     | Reached XP level 12. HP: 106/106 MP: 11/11
 10236 | D:7      | Bought a scroll of acquirement for 1248 gold pieces
 10236 | D:7      | Acquired a +0 broad axe of electrocution
 10378 | D:11     | Noticed a boulder beetle
 10431 | D:11     | Killed a boulder beetle
 10558 | D:12     | Noticed a boulder beetle
 10558 | D:12     | Noticed a four-headed hydra
 10558 | D:12     | Noticed a boulder beetle
 10611 | D:11     | Killed a 13-headed hydra
 10612 | D:11     | Reached skill level 10 in Armour
 10719 | D:11     | Killed a boulder beetle
 10777 | D:11     | Killed a boulder beetle
 10891 | D:12     | Identified the Compendium of Hurtful Snow
 10979 | D:12     | Noticed a boulder beetle
 11120 | D:12     | Noticed a five-headed hydra
 11123 | D:12     | Killed a boulder beetle
 11137 | D:12     | Killed an eight-headed hydra
 11153 | D:12     | Reached skill level 15 in Axes
 11540 | D:12     | Noticed a two-headed ogre
 11578 | D:12     | Killed a two-headed ogre
 11688 | D:12     | Lost mutation: You occasionally shout uncontrollably at
                  | your foes. [potion of mutation]
 11688 | D:12     | Lost mutation: You are covered in fur. (AC +1) [potion of
                  | mutation]
 11688 | D:12     | Gained mutation: Your spells are a little easier to cast,
                  | but a little less powerful. [potion of mutation]
 11688 | D:12     | Gained mutation: You have sharp toenails. [potion of
                  | mutation]
 11688 | D:12     | Gained mutation: You passively map a small area around you.
                  | [potion of mutation]
 11688 | D:12     | Gained mutation: You are partially covered in iridescent
                  | scales. (AC +2) [potion of mutation]
 12033 | D:12     | Found a staircase to the Orcish Mines.
 12060 | D:12     | Noticed an eight-headed hydra
 12073 | D:12     | Killed an 11-headed hydra
 12250 | D:13     | Noticed a centaur warrior
 12289 | D:13     | Reached XP level 13. HP: 91/116 MP: 12/12
 12414 | D:13     | Identified the +4 rapier of Wyde {antimagic, Will+ Int+2
                  | SInv}
 14049 | D:14     | Reached skill level 16 in Axes
 14262 | D:14     | Found a gate to the Vaults.
 14437 | D:15     | Entered Level 15 of the Dungeon
 14440 | D:15     | Noticed a fire dragon
 14466 | D:15     | Killed a fire dragon
 14511 | D:15     | Noticed an ettin
 14513 | D:15     | Noticed Luopt's ghost (journeyman GnWn)
 14514 | D:15     | Noticed a fire dragon
 14518 | D:15     | Found a transporter.
 14521 | D:15     | Found a transporter.
 14626 | D:15     | HP: 1/119 [meliai/+0 war axe[a boggart] (10)]
 14627 | D:15     | Succumbed to a meliai's poison

Illustrated notes

Levels and vault maps discovered:
D:1:      enne_arrival_octagon_isle, layout_basic
D:2:      layout_rooms, serial_curves, eino_curves_04, eino_curves_01,
          kennysheep_generic_room_16
D:3:      layout_rooms, general_overflow_altar,
          nicolae_uskayaw_murder_on_the_dancefloor, serial_shops,
          shop_fountains, basic_ecumenical_altar, serial_bayou_pond_c,
          uniq_jessica
D:4:      layout_rooms, corexii_leaking_fountain, columned_hall_lemuel,
          uniq_blork_the_orc, uniq_grinder
D:5:      layout_gridville, nemelex_xobeh_ov_fountains_minmay
D:6:      layout_basic, overflow_temple_1_default, lemuel_tele_altar,
          kennysheep_small_square, uniq_menkaure
D:7:      layout_layer_cave, nicolae_ru_awakened_eye, marbit_many_paths,
          temple_statues, enter_bailey_2, serial_shops, shop,
          nicolae_shop_overgrown_old_shop, shop, uniq_crazy_yiuf_cottage
D:8:      layout_basic, nicolae_wu_jian_wuxing_cycle, minmay_lair_entry_grove
D:9:      layout_gridville, kiku_gazebo_garden_becter
D:10:     kennysheep_blocky_hall, layout_irregular_city, kennysheep_ying_yang,
          jiyva_altar_1
D:11:     layout_loops_corners, minmay_crystal_water, minmay_crystal_room,
          uniq_gastronok
D:12:     minmay_ambush_box, layout_basic, david_orc_5, grunt_decor_one_mirror,
          minmay_misc_feat_rugged, minmay_pinched_square
D:13:     layout_stronghold
D:14:     layout_rooms, david_vaults_5
D:15:     hangedman_depths_entry_try_elsewhere_first, layout_basic,
          gammafunk_ghost_arena, nicolae_ashenzari_skybound, serial_shops,
          shop_fountains, chequers_arboretum
Temple:   jpeg_temple_clearing

Skill      XL: |  1  2  3  4  5  6  7  8  9 10 11 12 13 |
---------------+----------------------------------------+-----
Shields        | 4 5 7 8 10 11 13 14 | 14.8
Fighting       | 4 5 6 7 9 10 11 12 | 12.5
Axes           | 3 4 5 6 7 9 10 12 14 15 16 | 16.4
Armour         | 4 6 7 9 10 11 | 11.2
Dodging        | 1 2 3 4 5 6 7 |  7.4
Stealth        | 1 2 |  2.5

Action                   |  1- 3 |  4- 6 |  7- 9 | 10-12 | 13-15 || total
-------------------------+-------+-------+-------+-------+-------++-------
Melee: War axe           |    82 |    66 |   236 |   576 |   231 ||  1191
       Headbutt          |    15 |    15 |    43 |   163 |    69 ||   305
  Use: Scroll            |       |     9 |     6 |    16 |     4 ||    35
       Potion            |       |     1 |     1 |     5 |     2 ||     9
 Stab: Distracted        |       |       |       |     2 |     2 ||     4
Armor: Scale mail        |    47 |    40 |   128 |   180 |       ||   395
       Fire dragon scale |       |       |       |    44 |   141 ||   185
Dodge: Dodged            |    23 |    14 |   141 |   225 |   123 ||   526
Block: Kite shield       |    50 |    36 |   256 |   454 |   290 ||  1086

Table legend: (Time is in decaauts)
 A = Elapsed time spent in this place.
 B = Non-inter-level travel time spent in this place.
 C = Inter-level travel time spent in this place.
 D = Time resting spent in this place.
 E = Time spent auto-exploring this place.
 F = Levels seen in this place.
 G = Mean time per level.
                   A        B        C        D        E       F      G
               +--------+--------+--------+--------+--------+-----+--------+
         Total |  14671 |  14487 |    184 |    656 |   6990 |  17 |  863.0 |
       Dungeon |  13224 |  13102 |    122 |    577 |   6823 |  15 |  881.6 |
        Temple |    135 |     73 |     62 |      0 |     62 |   1 |  135.0 |
        Bailey |   1310 |   1310 |      0 |     79 |    105 |   1 | 1310.0 |
               +--------+--------+--------+--------+--------+-----+--------+

Top non-repeatable levels by time:
    D:13: 1508 daAuts
    D:11: 1489 daAuts
     D:7: 1406 daAuts
    D:12: 1341 daAuts
  Bailey: 1310 daAuts
     D:8: 1002 daAuts
    D:10: 982 daAuts
     D:9: 794 daAuts
     D:5: 730 daAuts
     D:1: 699 daAuts
     D:6: 670 daAuts
     D:3: 660 daAuts
    D:14: 636 daAuts
     D:2: 563 daAuts
     D:4: 562 daAuts
